Map: 机会渺茫

Players

邀月

  • Race: Protoss Protoss
  • League: Master
  • Spawn Location: 6:00

彷徨的衬衫

  • Race: Terran Terran
  • Spawn Location: 5:00

VOD

Have the link to the VOD?

Description

Time

  • Played on: Feb. 24, 2018, 1:58 a.m.
  • Length: 30:08
Show
View Real Time Build Order
Export as new Build Order

邀月 Protoss 

Build Orders:  

Get SALT Encoding   

  12  0:03  Probe (Chrono Boost)  
  13  0:15  Probe (Chrono Boost)  
  14  0:27  Probe (Chrono Boost)  
  15  0:32  Pylon  
  15  0:39  Probe (Chrono Boost)  
  16  0:46  Assimilator  
  16  0:51  Probe (Chrono Boost)  
  16  0:59  Gateway  
  17  1:06  Probe (Chrono Boost)  
  18  1:16  Assimilator  
  18  1:18  Probe (Chrono Boost)  
  20  1:30  Probe (Chrono Boost)  
  20  1:42  Probe (Chrono Boost)  
  20  1:47  Forge  
  21  1:54  Probe (Chrono Boost)  
  21  1:58  Legionnaire  
  22  2:03  Kaldalis' A.I. Personality  
  22  2:08  Purifier Armaments  
  25  2:19  Probe (Chrono Boost)  
  26  2:58  Probe (Chrono Boost)  
  27  3:09  Nexus  
  27  3:18  Robotics Facility  
  27  3:20  Robotics Bay  
  27  3:21  Observation Protocol  
  28  3:41  Probe (Chrono Boost)  
  28  4:02  Probe (Chrono Boost)  
  28  4:09  Colossus  
  28  4:19  Probe (Chrono Boost)  
  29  4:31  Warbringer's A.I. Personality  
  29  4:34  Protoss Ground Weapons Level 1  
  36  4:44  Cybernetics Core, Probe (Chrono Boost)  
  36  4:53  Pylon  
  36  5:14  Immortal  
  36  5:22  Purification Blast  
  40  5:44  Probe (Chrono Boost)  
  40  5:48  Taldarin's A.I. Personality  
  42  5:50  Warp Gate  
  42  5:53  Twilight Council  
  42  5:54  Gateway  
  42  5:55  Probe x2 (Chrono Boost)  
  43  6:34  Probe (Chrono Boost), Empowered Blades  
  43  6:39  Probe (Chrono Boost), Pylon  
  45  6:46  Protoss Air Weapons Level 1, Probe (Chrono Boost)  
  45  6:48  Talis' A.I. Personality  
  46  6:56  Probe (Chrono Boost)  
  46  6:58  Probe (Chrono Boost)  
  50  7:10  Probe (Chrono Boost)  
  50  7:13  Probe (Chrono Boost)  
  50  7:18  Assimilator  
  50  7:19  Stargate  
  50  7:20  Fleet Beacon  
  50  7:21  Probe (Chrono Boost)  
  50  7:22  Pylon  
  50  7:24  Assimilator  
  50  7:27  Conservator  
  54  7:30  Probe (Chrono Boost)  
  54  7:33  Probe (Chrono Boost)  
  55  7:45  Debilitation System, Probe (Chrono Boost)  
  55  7:47  Probe (Chrono Boost)  
  57  7:54  Gateway  
  57  7:55  Colossus, Gateway  
  64  8:04  Probe (Chrono Boost)  
  64  8:05  Pylon  
  64  8:24  Probe (Chrono Boost)  
  65  8:31  Psionic Projection  
  62  8:40  Adept x2  
  66  8:58  Carrier  
  66  9:02  Clolarion's A.I. Personality  
  66  9:06  Adept x2  
  70  9:11  Protoss Air Weapons Level 2  
  70  9:16  Stargate  
  70  9:17  Stargate  
  70  9:18  Conservator  
  76  9:28  Adept x2  
  76  9:29  Adept x2  
  82  9:45  Probe (Chrono Boost)  
  80  9:52  Graviton Catapult, Legionnaire x2  
  86  10:05  Extended Thermal Lance  
  86  10:12  Conservator  
  86  10:18  Adept  
  83  10:24  Adept x3  
  74  10:50  Colossus  
  80  11:02  Carrier  
  80  11:09  Conservator, Gravimetric Overload  
  86  11:12  Interdictors  
  86  11:31  Legionnaire  
  89  11:45  Pylon  
  89  11:55  Pylon  
  89  11:56  Protoss Air Weapons Level 3, Conservator  
  89  11:58  Pylon  
  89  11:59  Pylon  
  89  12:04  Legionnaire  
  89  12:09  Conservator x2, Legionnaire  
  90  12:10  Carrier, Conservator  
  96  12:24  Conservator  
  96  12:25  Conservator  
  96  12:27  Mojo's A.I. Personality  
  100  12:39  Adept x2  
  104  12:41  Carrier  
  110  13:14  Scout  
  113  13:43  Scout  
  113  13:44  Stargate  
  113  13:48  Stargate  
  116  13:57  Protoss Ground Weapons Level 2  
  116  14:05  Adept x3  
  119  14:10  Scout  
  122  14:27  Pylon  
  122  14:34  Pylon  
  122  14:35  Pylon  
  122  14:38  Conservator, Pylon  
  122  14:52  Carrier  
  122  14:59  Carrier, Legionnaire  
  137  15:03  Legionnaire x3  
  146  15:17  Conservator x3  
  146  15:23  Pylon  
  146  15:27  Pylon  
  146  15:39  Probe (Chrono Boost)  
  95  15:40  Probe (Chrono Boost)  
  145  15:42  Conservator  
  145  15:43  Conservator  
  145  15:46  Scout x2  
  145  15:56  Probe x2 (Chrono Boost)  
  144  16:02  Conservator x2  
  144  16:03  Carrier, Conservator  
  144  16:09  Adept  
  153  16:12  Legionnaire  
  153  16:13  Probe (Chrono Boost)  
  153  16:35  Legionnaire x2  
  153  16:48  Conservator x3  
  150  16:54  Legionnaire  
  150  16:55  Legionnaire x3  
  156  17:20  Adept x3  
  156  17:21  Adept  
  156  17:22  Carrier  
  166  17:49  Legionnaire x2  
  160  18:09  Legionnaire x2  
  166  18:45  Legionnaire  
  169  19:05  Conservator  
  169  19:06  Conservator x2  
  169  19:07  Gateway  
  166  19:11  Pylon  
  166  19:13  Pylon  
  166  19:15  Gateway  
  166  19:18  Suppression Procedure  
  165  19:26  Colossus  
  169  19:40  Adept  
  169  19:41  Adept x3  
  171  20:00  Combat Sensor Array  
  171  20:03  Scout x4  
  177  20:36  Adept x3  
  183  20:58  Legionnaire  
  186  21:05  Pylon  
  186  21:07  Pylon  
  186  21:14  Pylon  
  186  21:29  Carrier  
  186  21:30  Carrier  
  186  21:35  Conservator  
  200  21:52  Protoss Ground Weapons Level 3  
  200  22:06  Protoss Air Armor Level 1  
  200  22:37  Gateway  
  200  22:40  Gateway  
  200  22:42  Gateway  
  200  23:04  Gateway  
  200  23:25  Pylon  
  197  26:50  Conservator  
  199  27:17  Conservator  
  196  27:42  Adept x2  
  197  28:22  Colossus  
  197  28:28  Scout  
  197  28:53  Legionnaire  
Show
View Real Time Build Order
Export as new Build Order

彷徨的衬衫 Terran 

Build Orders:  

Get SALT Encoding   

Tags
 
Commander
FenixRaynor
League
Master
Matchup
Co-op
Replay Pack
Co-op Speedrun
Add a new tag
Caveats
  • Supply blocks, unpowered buildings, or Contaminate may cause inaccurate times.
  • Supply counts are checked every 10 seconds.